 Dungeon Crawl Stone Soup version 0.28-a0-421-gd1dd6c5fb5 (webtiles) character file.

Game seed: 16021008520978556588

8229 MaCx the Archer (level 11, -2/102 HPs)
             Began as a Minotaur Arcane Marksman on Sept 8, 2021.
             Was an Elder of Okawaru.
             Slain by a skeletal warrior (14 damage)
             ... on level 9 of the Dungeon.
             The game lasted 01:10:15 (11348 turns).

MaCx the Archer (Minotaur Arcane Marksman)         Turns: 11348, Time: 01:10:15

Health: -2/102     AC: 11    Str: 22    XL:     11   Next: 7%
Magic:  20/20      EV:  7    Int: 10    God:    Okawaru [****..]
Gold:   1661       SH:  0    Dex:  8    Spells: 9/12 levels left

rFire   + . .      SeeInvis .   b - +7 mace of Patience {speed, rElec MP+9 Str+4 Dex-3}
rCold   . . .      Faith    .   (no shield)
rNeg    . . .      Spirit   .   E - +0 plate armour
rPois   .          Reflect  .   (helmet restricted)
rElec   +          Harm     .   (no cloak)
rCorr   .          Rampage  .   (no gloves)
Will    .....                   (no boots)
Stlth   ..........              l - amulet of regeneration
HPRegen 1.27/turn               e - ring of protection from fire
MPRegen 0.17/turn               g - ring of flight

@: flying
A: horns 2, retaliatory headbutt
a: Renounce Religion, Heroism, Finesse


You were on level 9 of the Dungeon.
You worshipped Okawaru.
Okawaru was greatly pleased with you.
You visited 2 branches of the dungeon, and saw 13 of its levels.
You also visited: Sewer and Bailey.

You collected 1661 gold pieces.

Inventory:

Hand Weapons
 a - a +0 shortbow
 b - the +7 mace of Patience (weapon) {speed, rElec MP+9 Str+4 Dex-3}
   (You found it on level 6 of the Dungeon)

   Attacks with this weapon are significantly faster.
   Str:       It affects your strength (+4).
   Dex:       It affects your dexterity (-3).
   rElec:     It insulates you from electricity.
   MP:        It affects your magic capacity (+9).
 w - a +0 dagger of venom
Missiles
 F - 58 arrows
Armour
 c - +0 acid dragon scales
 v - a +1 ring mail of poison resistance
 E - a +0 plate armour (worn)
Jewellery
 e - a ring of protection from fire (left hand)
 g - a ring of flight (right hand)
 l - an amulet of regeneration (around neck)
 D - a ring of protection from cold
Wands
 m - a wand of mindburst (13)
 x - a wand of iceblast (4)
Scrolls
 j - 3 scrolls of silence
 k - 3 scrolls of teleportation
 q - 2 scrolls of fog
 y - a scroll of amnesia
Potions
 d - a potion of flight
 f - 3 potions of curing
 i - 3 potions of might
 n - 2 potions of cancellation
 o - a potion of ambrosia
 p - 2 potions of attraction
 r - 3 potions of haste
 s - a potion of heal wounds
 t - 2 potions of brilliance
 u - a potion of lignification {unknown}
Miscellaneous
 h - a phantom mirror


   Skills:
 + Level 11.4 Fighting
 - Level 1.1 Short Blades
 - Level 14.0 Bows
 + Level 3.2 Armour
 + Level 4.0 Dodging
 - Level 1.0 Spellcasting
 - Level 2.3 Hexes
 + Level 1.4 Invocations


You had 9 spell levels left.
You knew the following spells:

 Your Spells              Type           Power      Damage    Failure   Level
a - Portal Projectile     Hex/Tloc       4%         N/A       100%        3

Your spell library contained the following spells:

 Spells                   Type           Power      Damage    Failure   Level
 Slow                     Hex            5%         N/A       99%         2
 Blink                    Tloc           N/A        N/A       100%        2
 Corpse Rot               Necr/Air       N/A        N/A       100%        2
 Sublimation of Blood     Necr           0%         N/A       100%        2
 Confusing Touch          Hex            5%         N/A       100%        3
 Inner Flame              Hex/Fire       2%         N/A       100%        3
 Lesser Beckoning         Tloc           0%         N/A       100%        3
 Vampiric Draining        Necr           0%         2d6       100%        3
 Cause Fear               Hex            2%         N/A       100%        4
 Dispel Undead            Necr           0%         3d6       100%        4
 Petrify                  Tmut/Erth      0%         N/A       100%        4
 Irradiate                Conj/Tmut      0%         3d13      100%        5
 Manifold Assault         Tloc           0%         N/A       100%        5
 Summon Small Mammal      Summ           Unusable   N/A       N/A         1
 Call Canine Familiar     Summ           Unusable   N/A       N/A         3
 Summon Guardian Golem    Hex/Summ       Unusable   N/A       N/A         3
 Death Channel            Necr           Unusable   N/A       N/A         6

Dungeon Overview and Level Annotations

Branches:
Dungeon (12/15)            Temple (1/1) D:4            Lair (0/6) D:9
  Sewer (visited)          Bailey (visited)
    Orc: D:9-12

Altars:
Ashenzari
Cheibriados
Dithmenos
Elyvilon
Fedhas
Gozag
Hepliaklqana
Kikubaaqudgha
Makhleb
Nemelex Xobeh
Okawaru
Qazlal
Ru
Sif Muna
Trog
Uskayaw
Vehumet
Wu Jian
Xom
Yredelemnul
Zin
The Shining One

Shops:
D:2 :

Annotations:
D:4 exclusion: downstairs
D:8 4 runed translucent doors


Innate Abilities, Weirdness & Mutations

You have a pair of horns on your head.
You reflexively headbutt those who attack you in melee.


Message History

3 boomerangs; a kobold skeleton
There is an open door here.
There is an open door here.
There is an open door here.
There is an open door here.
There is an open door here.
There is a gate leading back out of this place here.
Welcome back to the Dungeon!
There is an empty arch of ancient stone here.
You start waiting.
Done waiting.
A two-headed ogre and a skeletal warrior come into view.
The two-headed ogre shouts in stereo!
There is a stone staircase leading down here.
You see here 2 arrows.
F - 29 arrows (gained 2)
You see here an arrow.
F - 30 arrows (gained 1)
The skeletal warrior hits you with a +0 dire flail!
Things that are here:
15 arrows; a +0 shortbow
Okay, then.
Okay, then.
F - 45 arrows (gained 15)
The skeletal warrior hits you with a +0 dire flail!
You see here 13 arrows.
F - 58 arrows (gained 13)
The two-headed ogre hits you with a +0 giant spiked club!!
The two-headed ogre barely misses you.
The skeletal warrior closely misses you.
There is a stone staircase leading up here.
The two-headed ogre hits you with a +0 giant spiked club!!
The two-headed ogre hits you with a +0 giant club!
* * * LOW HITPOINT WARNING * * *
The skeletal warrior hits you with a +0 dire flail!!
* * * LOW HITPOINT WARNING * * *
You fly upwards.
There is a stone staircase leading down here.
The skeletal warrior hits you with a +0 dire flail!
You die...

.........####.# ##.# # ...P.....#
#.# #.######### ............##
#.######..........
.............###.......##########
.......................#
P.............>........#######
..P...............######.....#
...............zO.# #.###.#
..P..>..........@.# #.# #.#
.P............##.## #.# #.#
..P.P.........##.# #.# #.#
.......P.........# #.###.#
...............### #.#...#
...............# #.#.###
..............## #.#.#
.............###########.#.#
#............#...........#.#


You could see a skeletal warrior and a two-headed ogre.

Vanquished Creatures
  2 two-headed ogres (D:8)
  An orc knight (Bailey)
  A troll (D:8)
  Grinder (D:5)
  A hornet (D:10)
  Eustachio (D:6)
  2 wraiths
  A warg (D:10)
  2 acid dragons
  4 water moccasins (D:9)
  8 orc warriors
  A sky beast (D:5)
  3 black bears
  4 ogres
  An ice beast (D:8)
  3 necrophages
  2 centaurs
  A phantom (D:5)
  A kobold brigand (D:6)
  Blork the orc (D:5)
  4 bullfrogs
  A gnoll sergeant (D:9)
  A wyvern zombie (D:8)
  2 scorpions
  A water moccasin skeleton (D:5)
  7 killer bees
  4 wights
  4 centaur zombies
  2 howler monkeys
  A bullfrog zombie (D:5)
  3 jellies
  2 hounds
  3 orc priests
  4 iguanas
  A bullfrog skeleton (D:6)
  7 orc wizards
  2 killer bee zombies
  A hound zombie (D:5)
  13 gnolls
  7 adders
  A river rat (D:4)
  A shadow imp (D:6)
  2 white imps
  5 worms (D:4)
  8 dart slugs
  25 orcs
  8 endoplasms
  7 giant cockroaches
  10 goblins
  15 hobgoblins
  7 jackals
  35 kobolds
  3 quokkas
  9 ball pythons
  4 bats
  9 frilled lizards
  7 rats
267 creatures vanquished.

Vanquished Creatures (others)
  52 fungi (D:9)
  113 plants
165 creatures vanquished.

Grand Total: 432 creatures vanquished

Notes
Turn   | Place    | Note
-------+----------+-------------------------------------------
     0 | D:1      | MaCx the Minotaur Arcane Marksman began the quest for the
                  | Orb.
     0 | D:1      | Reached XP level 1. HP: 16/16 MP: 1/1
   431 | D:1      | Reached XP level 2. HP: 23/23 MP: 2/2
   954 | D:1      | Reached XP level 3. HP: 21/28 MP: 3/3
  1382 | D:1      | Reached skill level 1 in Short Blades
  1398 | D:1      | You fall into a shaft and drop 1 floor!
  1543 | D:2      | Reached skill level 3 in Bows
  1634 | D:2      | Found Japuj's Book Shop.
  1647 | D:2      | Learned a level 3 spell: Portal Projectile
  1754 | D:1      | Reached XP level 4. HP: 22/36 MP: 4/4
  2130 | D:1      | Found a faded altar of an unknown god.
  3114 | D:3      | Reached skill level 4 in Bows
  3114 | D:3      | Reached XP level 5. HP: 45/45 MP: 5/5
  3219 | D:4      | Noticed a necrophage
  3447 | D:4      | Found a glowing drain.
  3455 | Sewer    | Entered a sewer
  3970 | Sewer    | Reached skill level 5 in Bows
  4211 | D:4      | Found a staircase to the Ecumenical Temple.
  4213 | D:4      | Noticed an ogre
  4303 | D:3      | Killed an ogre
  4304 | D:3      | Reached XP level 6. HP: 39/52 MP: 6/6
  4405 | Temple   | Entered the Ecumenical Temple
  4639 | D:4      | Reached skill level 6 in Bows
  4669 | D:4      | Reached XP level 7. HP: 53/58 MP: 7/7
  4684 | D:4      | Reached skill level 5 in Fighting
  4946 | D:5      | Entered Level 5 of the Dungeon
  4958 | D:5      | Reached skill level 7 in Bows
  4968 | D:5      | Noticed Grinder
  5021 | D:5      | Paralysed by Grinder for 7 turns
  5126 | D:5      | Reached skill level 8 in Bows
  5168 | D:5      | Reached XP level 8. HP: 63/70 MP: 8/8
  5218 | D:5      | Noticed Blork the orc
  5232 | D:5      | Killed Blork the orc
  5256 | D:5      | Found a blossoming altar of Fedhas.
  5321 | D:5      | Paralysed by Grinder for 4 turns
  5342 | D:5      | Paralysed by Grinder for 7 turns
  5356 | D:5      | Killed Grinder
  5357 | D:5      | Reached skill level 9 in Bows
  5655 | D:6      | Found a snail-covered altar of Cheibriados.
  5660 | D:6      | Found a shimmering altar of Xom.
  5754 | D:6      | Found a radiant altar of Vehumet.
  5800 | D:6      | Identified the +7 mace of Patience {speed, rElec MP+9 Str+4
                  | Dex-3}
  5860 | D:6      | Reached skill level 10 in Bows
  6145 | D:6      | Reached XP level 9. HP: 79/81 MP: 9/9
  6345 | D:6      | Noticed Eustachio
  6363 | D:6      | Killed Eustachio
  6700 | D:7      | Found an ancient bone altar of Kikubaaqudgha.
  6700 | D:7      | Found a stormy altar of Qazlal.
  6700 | D:7      | Found a bloodstained altar of Trog.
  6752 | D:7      | Found an iron altar of Okawaru.
  6761 | D:7      | Became a worshipper of Warmaster Okawaru
  7215 | D:8      | Reached skill level 11 in Bows
  7306 | D:8      | Noticed a two-headed ogre
  7396 | D:8      | Killed a two-headed ogre
  7396 | D:8      | Reached * piety under Okawaru
  8037 | D:8      | Reached skill level 12 in Bows
  8056 | D:8      | Noticed a two-headed ogre
  8158 | D:8      | Killed a two-headed ogre
  8158 | D:8      | Reached ** piety under Okawaru
  8159 | D:8      | Reached XP level 10. HP: 79/93 MP: 10/10
  8254 | D:8      | Reached skill level 10 in Fighting
  8459 | D:8      | Found a huge runed translucent gate.
  8459 | D:8      | Noticed a death yak
  8460 | D:8      | Found a huge runed translucent gate.
  8460 | D:8      | Found a huge runed translucent gate.
  8460 | D:8      | Found a huge runed translucent gate.
  8476 | D:8      | Identified the +1 robe of the Tanner {Archmagi}
  8642 | D:8      | Noticed a five-headed hydra
  9058 | D:8      | Reached *** piety under Okawaru
  9271 | D:8      | Reached skill level 13 in Bows
  9483 | D:9      | Found a staircase to the Lair.
  9542 | D:9      | Received a gift from Okawaru
 10043 | D:9      | Found a hide-covered altar of Uskayaw.
 10052 | D:9      | Found a glowing golden altar of the Shining One.
 10392 | D:9      | You fall into a shaft and drop 3 floors!
 10396 | D:12     | Reached skill level 1 in Armour
 10426 | D:12     | Noticed a gargoyle
 10553 | D:10     | Entered Level 10 of the Dungeon
 10685 | D:10     | Reached skill level 14 in Bows
 10701 | D:10     | Paralysed by a hornet for 3 turns
 10705 | D:10     | Reached **** piety under Okawaru
 10728 | D:10     | Received a gift from Okawaru
 10781 | D:10     | Found a flagged portal.
 10804 | Bailey   | Entered a bailey
 10956 | Bailey   | Noticed an orc knight
 11023 | Bailey   | Killed an orc knight
 11024 | Bailey   | Reached skill level 1 in Invocations
 11024 | Bailey   | Reached XP level 11. HP: 56/102 MP: 11/11
 11302 | D:10     | Noticed a skeletal warrior
 11302 | D:10     | Noticed a two-headed ogre
 11348 | D:9      | Slain by a skeletal warrior

Illustrated notes

Levels and vault maps discovered:
D:1:      beargit_arrival_greenhouse, layout_loops_ring,
          chequers_ecumenical_altar_twisty, minmay_tripent
D:2:      minmay_chambers_of_ones, layout_loops_ring, serial_shops,
          nicolae_shop_statue_plus, minmay_worlds_worst_comb
D:3:      layout_rooms
D:4:      layout_basic, minmay_temple_entry_water_ring,
          lightli_sewer_entry_pipes
D:5:      layout_rooms, fedhas_altar_2, uniq_blork_the_orc, uniq_grinder
D:6:      layout_rooms, marbit_many_paths, mainiacjoe_overflow_big_doors,
          minmay_misc_feat_iff, kennysheep_boxes, uniq_eustachio
D:7:      layout_loops_ring, gammafunk_temple_overflow_claw, okawaru_gym_becter
D:8:      lemuel_bear_cage, layout_loops_ring, grunt_decor_fettered,
          sigmund_army
D:9:      layout_basic, mainiacjoe_overflow_divided_tiny,
          due_lair_maze_entry_diamond, minmay_misc_feat_alley
D:10:     nzn_winding_woodlands_large [nzn_winding_woodlands_5x5_checkerboard,
          nzn_winding_woodlands_5x15_garden, nzn_winding_woodlands_5x5_cross,
          nzn_winding_woodlands_center_pierced_h,
          nzn_winding_woodlands_15x15_thick_spiral,
          nzn_winding_woodlands_center_triple_pond,
          nzn_winding_woodlands_5x5_default,
          nzn_winding_woodlands_5x15_pathside_ponds,
          nzn_winding_woodlands_5x5_three], layout_basic,
          minmay_orc_entry_guard_dogs, enter_bailey_5, nicolae_elemental_shop,
          minmay_misc_feat_diagonals
D:11:     minmay_curly_fans, layout_cross, kennysheep_doodads,
          nrook_guardian_serpent_double
D:12:     layout_loops_corners, kb_lookout_dungeons_type,
          nicolae_wu_jian_glorious_leap, uniq_nessos
Temple:   nicolae_temple_x_marks_the_god

Skill      XL: |  1  2  3  4  5  6  7  8  9 10 11 |
---------------+----------------------------------+-----
Short Blades   | 1 |  1.1
Bows           | 3 4 5 6 8 10 12 14 | 14.0
Fighting       | 2 3 4 6 7 9 11 | 11.4
Armour         | 3 |  3.2
Dodging        | 3 4 |  4.0
Invocations    | 1 |  1.4
Spellcasting   | |  1.0
Hexes          | |  2.3

Action                   |  1- 3 |  4- 6 |  7- 9 | 10-12 || total
-------------------------+-------+-------+-------+-------++-------
Melee: Short sword       |   104 |    48 |       |       ||   152
       Headbutt          |    15 |    46 |    45 |    49 ||   155
       Rapier            |       |   238 |   123 |       ||   361
       Dagger            |       |    10 |    12 |    57 ||    79
       Mace              |       |       |   135 |   209 ||   344
       Punch             |       |       |       |     2 ||     2
 Fire: Shortbow          |    21 |    10 |    40 |   100 ||   171
Invok: Heroism           |       |       |       |     6 ||     6
Evoke: Wand              |       |       |       |     7 ||     7
  Use: Scroll            |       |     7 |     3 |    13 ||    23
       Potion            |       |       |       |     1 ||     1
Armor: Scale mail        |    48 |    76 |       |       ||   124
       Ring mail         |       |    19 |   110 |     2 ||   131
       Plate armour      |       |       |       |   196 ||   196
Dodge: Dodged            |    35 |   133 |   198 |   103 ||   469

Table legend: (Time is in decaauts)
 A = Elapsed time spent in this place.
 B = Non-inter-level travel time spent in this place.
 C = Inter-level travel time spent in this place.
 D = Time resting spent in this place.
 E = Time spent auto-exploring this place.
 F = Levels seen in this place.
 G = Mean time per level.
                   A        B        C        D        E       F      G
               +--------+--------+--------+--------+--------+-----+--------+
         Total |  11581 |  11183 |    398 |   1602 |   5018 |  15 |  772.1 |
       Dungeon |  10291 |   9893 |    398 |   1566 |   4650 |  12 |  857.6 |
        Temple |     58 |     58 |      0 |      0 |     46 |   1 |   58.0 |
         Sewer |    883 |    883 |      0 |      0 |    299 |   1 |  883.0 |
        Bailey |    348 |    348 |      0 |     36 |     23 |   1 |  348.0 |
               +--------+--------+--------+--------+--------+-----+--------+

Top non-repeatable levels by time:
     D:8: 1957 daAuts
     D:1: 1883 daAuts
     D:9: 1075 daAuts
     D:4: 1031 daAuts
     D:6: 896 daAuts
   Sewer: 883 daAuts
     D:7: 876 daAuts
     D:2: 849 daAuts
     D:3: 590 daAuts
     D:5: 571 daAuts
    D:10: 401 daAuts
  Bailey: 348 daAuts
    D:12: 106 daAuts
  Temple: 58 daAuts
    D:11: 50 daAuts
